Unix NetHack Version 3.7.0-71 Work-in-progress - last build Jan 31 2023 02:41:03 (7ba98a1283f2b7cec35fde026edb48fc825ab8ae,branch:master). Game began 2023-02-06 15:20:18, ended 2023-02-06 16:16:27. Gandelf, neutral male human Monk -------------------------- |>..............^^^^^^^^.| |.......----------------.| -------.------ |.| |...%.....%.| |.| |0.0.0...0.0| |.| --------.----| |.| |............| |.| |.0..........| |.| -----.-------- ------|.| |..........| --|.....|.| |..........| |.+.....|.| |.0.0...0.-- |-|.....|.| -------%---- |.+.....+.| |..0.m@..| |-|.....|-- |........| |.+.....| |...------ --|.....| ----- ------- Gandelf the Initiate St:18 Dx:13 Co:13 In:8 Wi:16 Ch:12 Neutral S:7084 Dlvl:3 $:460 HP:0(55) Pw:50(50) AC:2 Xp:8/1695 T:6890 Satiated Burdened Latest messages: With great effort you move the boulder. With great effort you move the boulder. The boulder falls into and plugs a hole in the floor! With great effort you move the boulder. With great effort you move the boulder. The boulder falls into and plugs a hole in the floor! With great effort you move the boulder. You try to move the boulder, but in vain. You try to move the boulder, but in vain. You try to move the boulder, but in vain. The boulder falls into and plugs a hole in the floor! The Mordor orc jumps into a hole! With great effort you move the boulder. With great effort you move the boulder. You feel tough! You must have been leading a healthy life-style. With great effort you move the boulder. The boulder falls into and plugs a hole in the floor! With great effort you move the boulder. With great effort you move the boulder. With great effort you move the boulder. With great effort you move the boulder. The boulder falls into and plugs a hole in the floor! With great effort you move the boulder. Wait! That's a giant mimic! The giant mimic hits! The giant mimic hits! You hit the giant mimic! You hit the giant mimic! You hit the giant mimic! You hit the giant mimic! You hit the giant mimic! You kill the giant mimic! With great effort you move the boulder. With great effort you move the boulder. The boulder falls into and plugs a hole in the floor! You see here a giant mimic corpse. Wait! That's a giant mimic! You hit the giant mimic! You hit the giant mimic! The giant mimic hits! The giant mimic hits! You hit the giant mimic! The giant mimic hits! You die... Do you want your possessions identified? [ynq] (y) y Do you want to see your attributes? [ynq] (y) y Do you want an account of creatures vanquished? [ynaq] (y) y Do you want to see your conduct and achievements? [ynq] (y) y Do you want to see the dungeon overview? [ynq] (y) y Inventory: Coins $ - 460 gold pieces Amulets R - a cursed amulet of restful sleep n - a cursed amulet of strangulation Weapons s - a +0 arrow z - a blessed +4 bow a - 12 rustproof +0 darts l - 12 +0 darts K - 9 +0 darts Z - 7 +3 shuriken Armor D - a blessed +2 pair of leather gloves (being worn) v - an uncursed +0 pair of iron shoes (being worn) C - a blessed +2 mummy wrapping b - an uncursed +1 robe (being worn) Comestibles g - 3 uncursed apples q - an uncursed apple y - an uncursed fortune cookie h - 6 uncursed oranges k - an uncursed tripe ration r - an uncursed tripe ration E - 2 uncursed eggs Scrolls p - 2 cursed scrolls of confuse monster M - a cursed scroll of create monster i - a cursed scroll of earth o - a cursed scroll of enchant armor I - an uncursed scroll of enchant weapon P - a cursed scroll of identify Q - a cursed scroll of light B - an uncursed scroll of punishment A - an uncursed scroll of remove curse Spellbooks L - an uncursed spellbook of blank paper O - a cursed spellbook of force bolt c - a blessed spellbook of healing N - a cursed spellbook of light Potions G - a blessed potion of extra healing T - an uncursed potion of extra healing t - 4 uncursed potions of water S - 8 uncursed potions of water Rings U - an uncursed ring of fire resistance e - a cursed ring of polymorph X - a cursed ring of warning Wands F - a wand of create monster (0:14) f - a wand of create monster (0:11) W - a blessed wand of magic missile (0:3) d - a wand of polymorph (0:6) H - a wand of secret door detection (0:13) Y - a wand of secret door detection (0:13) m - a wand of striking (0:5) V - a cursed wand of striking (0:5) Tools j - a magic marker (0:74) J - an uncursed mirror u - a blessed tallow candle w - an uncursed tin whistle Gems/Stones x - an uncursed jet stone Gandelf the Monk's attributes: Background: You were an Initiate, a level 8 male human Monk. You were neutral, on a mission for Chih Sung-tzu who was opposed by Shan Lai Ching (lawful) and Huan Ti (chaotic). You were in Sokoban, on level 3. You entered the dungeon 6890 turns ago. There was a full moon in effect when your adventure ended. You had 1695 experience points, 865 more were needed to attain level 9. Your score was 7084 before end-of-game adjustments. Basics: You had 0 out of 55 hit points. You had all 50 energy points (spell power). Your armor class was 2. Your wallet contained 460 zorkmids. Autopickup was on for '$?!+/=' plus thrown. Final Characteristics: Your strength was 18 (limit:18/100). Your dexterity was 13 (limit:18). Your constitution was 13 (limit:18). Your intelligence was 8 (limit:18). Your wisdom was 16 (limit:18). Your charisma was 12 (limit:18). Final Status: You were held by a giant mimic (west). You were satiated. You were burdened; movement was slightly slowed. You were empty handed. You were skilled in martial arts. Final Attributes: You were piously aligned. You were sleep resistant. You were poison resistant. You saw invisible. You were warned. You were stealthy. You were guarded. You were fast. You are dead. Miscellaneous: You encountered 1 bones level. Total elapsed playing time was 56 minutes and 9 seconds. Major events: Turn 1: Gandelf the neutral male human Monk entered the dungeon 424: entered the Gnomish Mines 433: attained the rank of Novice (level 3) 981: destroyed WizzyTheWeird's ghost, the former Evoker 2329: attained the rank of Initiate (level 6) 2397: reached Mine Town 4559: entered Sokoban 4837: completed 1st Sokoban level 5663: completed 2nd Sokoban level 6523: completed 3rd Sokoban level 6890: killed by a giant mimic Vanquished creatures: a ghost 2 giant mimics a small mimic a dwarf ruler a wraith a giant beetle a quivering blob a gremlin an iron piercer an orc mummy a rust monster 2 yetis 2 jaguars 2 gnome mummies a snake 5 water moccasins a water nymph 3 Mordor orcs a fog cloud a yellow light a shrieker 4 gnome leaders 2 gnomish wizards a kobold mummy an elf zombie a ghoul 3 giant ants a little dog 3 floating eyes 5 dwarves 2 rothes a centipede 2 giant bats 2 monkeys 2 orc zombies 4 dwarf zombies a wererat a werejackal an iguana 4 hobbits 2 large kobolds a hobgoblin 4 cave spiders a brown mold 2 yellow molds 2 green molds a red mold 21 gnomes 3 garter snakes 3 gnome zombies 6 geckos a jackal 2 foxes 2 kobolds a goblin a sewer rat 5 grid bugs 3 bats 4 lichens a kobold zombie 7 newts 145 creatures vanquished. No species were genocided or became extinct. Voluntary challenges: You never hit with a wielded weapon. You read items or engraved 8 times. You never engraved Elbereth. You never genocided any monsters. You never polymorphed an object. You never changed form. You used no wishes. You violated the special Sokoban rules thrice. Achievements: You entered the Gnomish Mines. You attained the rank of Novice. You entered a shop. You attained the rank of Initiate. You entered Minetown. You entered a temple. You entered Sokoban. The Dungeons of Doom: levels 1 to 7 Level 1: A fountain. Level 2: A general store. Stairs down to The Gnomish Mines. Level 3: Level 4: Final resting place for WizzyTheWeird-Wiz-Hum-Mal-Neu, killed by a hobbit. Level 5: A weapon shop, a grave. Level 6: Many fountains. Oracle of Delphi. Level 7: Stairs up to Sokoban, level 6. The Gnomish Mines: levels 3 to 5 Level 3: Level 4: Level 5: Some shops, a temple, many fountains. Sokoban: levels 6 up to 3 Level 3: <- You were here. Unsolved. Final resting place for you, killed by a giant mimic. Level 4: Solved. Level 5: Solved. Level 6: Solved. Game over: ---------- / \ / REST \ / IN \ / PEACE \ / \ | Gandelf | | 460 Au | | killed by a | | giant mimic | | | | | | 2023 | *| * * * | * _________)/\\_//(\/(/\)/\//\/|_)_______ Goodbye Gandelf the Monk... You died in Sokoban on dungeon level 3 with 7038 points, and 460 pieces of gold, after 6890 moves. You were level 8 with a maximum of 55 hit points when you died.